 Dungeon Crawl Stone Soup version 0.13.0-59-g13bd910 (webtiles) character file.

360 Chiseanne the Shield-Bearer (level 6, -5/49 HPs)
             Began as a Merfolk Fighter on Nov 21, 2013.
             Killed by divine providence
             ... invoked by an orc priest
              (13 damage)
             ... on Level 4 of the Dungeon.
             The game lasted 00:13:00 (3256 turns).

Chiseanne the Shield-Bearer (Merfolk Fighter)       Turns: 3256, Time: 00:13:00

HP  -5/49        AC 13     Str 19      XL: 6   Next: 64%
MP   5/5         EV  5     Int  7      God:
Gold 3           SH 21     Dex 19      Spells:  0 memorised,  5 levels left

Res.Fire  : . . .   See Invis. : +   a - +0,+1 dwarf war axe
Res.Cold  : . . .   Warding    : .   u - +0 chain mail
Life Prot.: . . .   Conserve   : .   c - +0 shield
Res.Poison: .       Res.Corr.  : .   (no helmet)
Res.Elec. : .       Clarity    : .   q - +0 cloak {MR+}
Sust.Abil.: . .     Spirit.Shd : .   s - +2 pair of gauntlets
Res.Mut.  : .       Stasis     : .   (no boots)
Res.Rott. : .       Flight     : .   (no amulet)
Saprovore : . . .                    g - +6 ring of dexterity
                                     p - ring of see invisible

@: somewhat resistant to hostile enchantments, extremely unstealthy
A: change form in water, swift swim
a: no special abilities


You were on level 4 of the Dungeon.
You were not hungry.

You visited 1 branch of the dungeon, and saw 4 of its levels.

You collected 112 gold pieces.
You spent 129 gold pieces at shops.

Inventory:

Hand weapons
 a - a +0,+1 dwarven war axe (weapon)
 e - a +0 blowgun
 r - a +3,+2 quarterstaff of chaos
Armour
 c - a +0 shield (worn)
 q - a +0 cloak of magic resistance (worn)
 s - a +2 pair of gauntlets (worn)
 u - a +0 chain mail (worn)
Comestibles
 d - 4 bread rations
 h - 2 pears
 i - a rotting chunk of worm flesh
 m - a meat ration
 t - 5 strawberries
 v - a choko
 x - a chunk of hound flesh
Scrolls
 k - 2 scrolls of identify
 n - 4 scrolls of fear
Jewellery
 b - a +3 ring of strength {unknown}
 f - an uncursed ring of sustain abilities {unknown}
 g - a +6 ring of dexterity (right hand)
 j - a cursed -3 ring of evasion {unknown}
 l - an uncursed ring of poison resistance {unknown}
 p - a ring of see invisible (left hand)
Potions
 o - 3 potions of curing
 w - 2 potions of berserk rage {unknown}


   Skills:
 * Level 4.4 Fighting
 * Level 2.8 Axes
 * Level 3.1 Armour
 * Level 2.9 Dodging
 * Level 4.5 Shields


You had 5 spell levels left.
You didn't know any spells.

Dungeon Overview and Level Annotations

Branches:
Dungeon (4/27)
 Temple: D:4-7

Altars:
Fedhas
Yredelemnul
the Shining One

Shops:
D:4 ![*?*

Annotations:
D:4 Pikel


Message History

Pain shoots through your body!
The orc priest looks braver.
The orc priest barely misses you.
You barely miss the orc priest.
The orc priest invokes the aid of Beogh against you.
Something smites you!
You hit the orc priest.
The orc priest is moderately wounded.
The orc priest invokes the aid of Beogh against you.
Pain shoots through your body!
The orc priest invokes the aid of Beogh against you.
Something smites you!
* * * LOW HITPOINT WARNING * * *
An orc and an orc priest come into view.
You closely miss the orc priest.
The orc priest is moderately wounded.
The orc shouts!
The orc priest shouts!
The orc priest calls down the wrath of Beogh upon you.
Something smites you!
You die... #ff

### #####
.PPP.f.###.###...#
...P#P.P#.........#
≈≈≈..fPPf#...##....#
≈≈≈≈≈...Pf#..###.####
≈≈≈≈≈≈..Pf#..###.#
≈o≈≈≈≈≈.. #......#
≈...≈≈≈≈.####.##..#
%o_.o≈;≈o@....##.%#
≈...≈≈≈≈.#######..#
≈≈≈@≈≈≈.# #####..#
≈≈≈≈K≈..P #...#..#
≈≈≈≈≈..#P #...#..#
≈≈≈..P P.#...#..#
....# PP#......#


ff# Pf#......#### P ####......# You could see Pikel, a slave, a big fish, 3 orc
priests and an orc.

Vanquished Creatures
  A phantom (D:4)
  2 slaves
  A hound (D:4)
  Crazy Yiuf (D:3)
  A big fish (D:4)
  2 worker ants (D:4)
  3 adders
  4 worms
  3 giant geckos
  5 orcs
  7 bats
  8 giant cockroaches
  8 hobgoblins
  3 jackals (D:4)
  10 kobolds
  2 giant newts
  8 goblins
  3 quokkas
  8 rats
80 creatures vanquished.

Vanquished Creatures (others)
  A fungus (D:4)
1 creature vanquished.

Grand Total: 81 creatures vanquished

Notes
Turn   | Place    | Note
--------------------------------------------------------------
     0 | D:1      | Chiseanne, the Merfolk Fighter, began the quest for the Orb.
     0 | D:1      | Reached XP level 1. HP: 18/18 MP: 0/0
   178 | D:1      | Reached XP level 2. HP: 24/24 MP: 1/1
   696 | D:1      | Reached XP level 3. HP: 28/30 MP: 2/2
  1221 | D:2      | Reached skill level 4 in Fighting
  1619 | D:2      | Reached skill level 1 in Dodging
  1619 | D:2      | Reached XP level 4. HP: 34/37 MP: 3/3
  1758 | D:3      | Found a basalt altar of Yredelemnul.
  1816 | D:3      | Found a glowing golden altar of the Shining One.
  2172 | D:3      | Noticed Crazy Yiuf
  2183 | D:3      | Killed Crazy Yiuf
  2183 | D:3      | Reached XP level 5. HP: 32/42 MP: 4/4
  2578 | D:4      | Noticed a slave
  2578 | D:4      | Noticed a slave
  2578 | D:4      | Noticed a slave
  2580 | D:4      | Noticed Pikel
  2584 | D:4      | Noticed a slave
  2597 | D:3      | Killed a slave
  2684 | D:4      | Found Rulefeet's General Store.
  2710 | D:4      | Bought a potion of curing for 28 gold pieces
  2710 | D:4      | Bought a scroll of fear for 49 gold pieces
  2710 | D:4      | Bought a potion of confusion for 14 gold pieces
  2717 | D:4      | Found Guyfalou's Magic Scroll Boutique.
  2749 | D:4      | Bought a scroll of curse armour for 24 gold pieces
  2785 | D:4      | Found Leapsioni's General Store.
  2798 | D:4      | Bought a potion of poison for 14 gold pieces
  2838 | D:4      | Found Ojean's Armour Shoppe.
  2846 | D:4      | Noticed a phantom
  2888 | D:4      | Killed a phantom
  2888 | D:4      | Reached XP level 6. HP: 42/49 MP: 5/5
  2938 | D:4      | Found Peneedot's Distillery.
  3108 | D:4      | Killed a slave
  3241 | D:4      | Found a blossoming altar of Fedhas.
  3256 | D:4      | Killed from afar by an orc priest

Action                   |  1- 3 |  4- 6 || total
-------------------------+-------+-------++-------
Melee: Hand axe          |    92 |       ||    92
       War axe           |    30 |   187 ||   217
Evoke: Wand              |       |     1 ||     1
  Use: Potion            |     5 |     2 ||     7
       Scroll            |     6 |     1 ||     7
 Stab: Invisible         |       |     1 ||     1
